AoeStats
← MeowMe

Nomad

508196783Analyzed
4v4 RM · 10d ago on Sep 21, 2026· 28m 19s· 8 players
Game mode
Random Map
Map size
231×231
Population
200
Speed
Normal
Resources
Standard
Victory
Conquest
Starting age
Dark Age
Ending age
Imperial Age
RankedLock teamsTeams togetherTeam positionsShared explorationLock speedFull tech treeHidden civsTurbo modeCheats
Victory
Defeat
🇧🇾 Persians · Belarus
1530
+14
🇺🇦 Tupi · Ukraine
1470
+17
🇬🇪 Japanese · Georgia
1466
+17
🇭🇰 Portuguese · Hong Kong SAR China
1433
+18
🇭🇰 Mongols · Hong Kong SAR China
1559
-19
🇭🇰 Lithuanians · Hong Kong SAR China
1553
-19
1466
-16
🇭🇰 Vietnamese · Hong Kong SAR China
1374
-12
mc 88
13:17 Feudal Age
17:32 Castle Age
15:49 Loom
16:20 Stone Mining
16:37 Double-Bit Axe
17:08 Gold Mining
18:26 Bow Saw
23:00 Scale Barding Armor
27:19 Wheelbarrow
26:39 Horse Collar
27:37 Heavy Plow
瓦兰吉程咬金三板斧
12:50 Feudal Age
11:59 Loom
13:25 Town Watch
17:14 Castle Age
15:49 Double-Bit Axe
18:37 Bow Saw
18:58 Forging
pigpig_aoe
5:07 Loom
12:54 Feudal Age
19:08 Castle Age
18:54 Double-Bit Axe
20:42 Bloodlines
20:33 Husbandry
20:39 Scale Barding Armor
23:11 Chain Barding Armor
27:53 Fletching
你朋友
6:05 Loom
14:28 Feudal Age
18:26 Castle Age
17:27 Fletching
19:12 Bodkin Arrow
19:54 Town Watch
21:52 Double-Bit Axe
Karabas
5:47 Loom
13:18 Feudal Age
17:12 Castle Age
15:15 Double-Bit Axe
15:23 Gold Mining
15:39 Fishing Lines
17:07 Fletching
18:14 Bodkin Arrow
18:30 Bow Saw
22:16 Padded Archer Armor
23:32 Gillnets
25:14 Ballistics
25:36 Horse Collar
26:47 Stone Mining
27:44 Leather Archer Armor
jardan1234
4:58 Loom
13:23 Feudal Age
20:55 Double-Bit Axe
23:56 Castle Age
MeowMe
4:11 Loom
14:47 Feudal Age
19:18 Castle Age
18:17 Fletching
22:13 Stone Mining
22:13 Gold Mining
26:11 Double-Bit Axe
OLADUSHEK
5:20 Loom
13:40 Feudal Age
14:20 Double-Bit Axe
14:23 Town Watch
14:45 Stone Mining
17:24 Castle Age
15:47 Gold Mining
17:43 Fletching
18:05 Bow Saw
17:37 Fishing Lines
18:51 Forging
25:16 Scale Barding Armor
26:38 Devotion
Connection lost

Rejoining the realm…

Still unreachable

The connection could not be restored.

Session expired

The server has moved on; the page needs a fresh start.